 Dungeon Crawl Stone Soup version 0.27-a0-406-g23f261f (webtiles) character file.

Game seed: 12271388170277668589

514 MrTaco21 the Cudgeller (level 7, -4/41 HPs)
             Began as a Gargoyle Fighter on Feb 22, 2021.
             Was an Initiate of Okawaru.
             Killed from afar by an orc wizard (8 damage)
             ... with a magic dart
             ... on level 5 of the Dungeon.
             The game lasted 00:04:52 (3878 turns).

MrTaco21 the Cudgeller (Gargoyle Fighter)           Turns: 3878, Time: 00:04:52

Health: -4/41      AC: 11    Str: 28    XL:     7   Next: 20%
Magic:  7/7        EV:  7    Int:  8    God:    Okawaru [......]
Gold:   161        SH: 15    Dex:  9    Spells: 6/6 levels left

rFire    . . .     SeeInvis .   a - +0 flail
rCold    . . .     Faith    .   c - +0 kite shield
rNeg     + . .     Spirit   .   b - +0 scale mail
rPois    ∞         Reflect  +   (no helmet)
rElec    +         Harm     .   (no cloak)
rCorr    .         Rampage  .   (no gloves)
Will     .....                  (no boots)
Stlth    ..........             g - amulet of reflection
HPRegen  0.13/turn              r - +6 ring of strength
MPRegen  0.10/turn              (no ring)

@: no status effects
A: negative energy resistance 1, electricity resistance, unbreathing,
petrification resistance, miasma immunity, AC +4
a: Renounce Religion


You were on level 5 of the Dungeon.
You worshipped Okawaru.
Okawaru was noncommittal.
You visited 2 branches of the dungeon, and saw 6 of its levels.

You collected 161 gold pieces.

Inventory:

Hand Weapons
 a - a +0 flail (weapon)
Missiles
 i - 19 poisoned darts (quivered)
Armour
 b - a +0 scale mail (worn)
 c - a +0 kite shield (worn)
Jewellery
 g - an amulet of reflection (around neck)
   (You found it on level 1 of the Dungeon)
 r - a +6 ring of strength (left hand)
   (You found it on level 2 of the Dungeon)
Scrolls
 f - a scroll of magic mapping {unknown}
 j - 2 scrolls of identify {unknown}
 k - a scroll of noise {unknown}
 n - 2 scrolls of fog {unknown}
 o - a scroll of enchant weapon {unknown}
 p - a scroll of amnesia {unknown}
 q - a scroll of immolation {unknown}
 s - a scroll of blinking {unknown}
 t - a scroll of teleportation {unknown}
 u - 2 scrolls of fear {unknown}
Potions
 d - 2 potions of might
 e - 2 potions of lignification {unknown}
 h - a potion of haste {unknown}
 l - a potion of ambrosia {unknown}
 m - 2 potions of berserk rage {unknown}
 v - a potion of curing {unknown}
 w - a potion of mutation {unknown}
 x - a potion of degeneration {unknown}
 z - a potion of heal wounds {unknown}


   Skills:
 - Level 3.2 Fighting
 + Level 7.6 Maces & Flails
 - Level 3.2 Armour
 - Level 3.2 Shields


You had 6 spell levels left.
You didn't know any spells.
Your spell library was empty.

Dungeon Overview and Level Annotations

Branches:
Dungeon (5/15)             Temple (1/1) D:4

Altars:
Ashenzari
Cheibriados
Dithmenos
Elyvilon
Fedhas
Gozag
Hepliaklqana
Kikubaaqudgha
Makhleb
Nemelex Xobeh
Okawaru
Qazlal
Ru
Sif Muna
Trog
Uskayaw
Vehumet
Xom
Yredelemnul
Zin
The Shining One


Innate Abilities, Weirdness & Mutations

You are resistant to torment.
Your stone body is resilient. (AC +4)
You are immune to poison.
You resist negative energy. (rN+)
You are resistant to electric shocks. (rElec)
You can survive without breathing.
You are immune to petrification.
You are immune to miasma.


Message History

You block the gnoll's attack.
Unknown command.
You hit the gnoll.
You kill the gnoll!
Okawaru accepts your kill. You block something's attack.
You hear some strange, mumbled words.
A magic dart appears from out of thin air!
The magic dart hits you.
* * * LOW HITPOINT WARNING * * *
Something hits you but does no damage.
Items here: ( ) ††.
Your shield prevents you from hitting something.
Something hits you but does no damage.
Unknown command.
You closely miss something. Something hits you.
* * * LOW HITPOINT WARNING * * *
You barely miss something. Something hits you but does no damage.
Unknown command.
You closely miss something. Something hits you but does no damage.
You block something's attack.
You closely miss something. Something hits you but does no damage.
You barely miss something. Something hits you but does no damage.
You barely miss something. Something hits you but does no damage.
You barely miss something.
You hear some strange, mumbled words.
A magic dart appears from out of thin air!
The magic dart hits you!
* * * LOW HITPOINT WARNING * * *
You block something's attack.
You hit something. Something hits you but does no damage.
You hit something but do no damage. Something hits you but does no damage.
You closely miss something. Something hits you but does no damage.
You hear some strange, mumbled words.
A magic dart appears from out of thin air!
The magic dart hits you but does no damage.
You hit something.
You hear some strange, mumbled words.
A magic dart appears from out of thin air!
The magic dart hits you!
You die...

### #.. #.# #
##.# .# # ...
.##.# #.# .....#
#.####...#
###{......#
#..)@.<..##
#.....###..##
#.....# #...#
#...... #..#.#
#...... .......
#.......#.##..##
####......# .".
######## .##


There were no monsters in sight!

Vanquished Creatures
  An ogre (D:3)
  2 orc priests (D:3)
  A bullfrog skeleton (D:4)
  3 orc wizards (D:4)
  2 worker ants (D:4)
  4 adders
  10 gnolls
  A worm (D:3)
  2 dart slugs (D:3)
  A leopard gecko (D:3)
  9 orcs
  3 ball pythons
  4 bats
  3 giant cockroaches
  3 hobgoblins
  6 jackals
  2 kobolds
  A quokka (D:3)
  5 frilled lizards
  16 goblins
  3 rats
82 creatures vanquished.

Notes
Turn   | Place    | Note
-------+----------+-------------------------------------------
     0 | D:1      | MrTaco21 the Gargoyle Fighter began the quest for the Orb.
     0 | D:1      | Reached XP level 1. HP: 14/14 MP: 1/1
    79 | D:1      | Reached XP level 2. HP: 14/19 MP: 2/2
   313 | D:1      | Reached skill level 3 in Maces & Flails
   752 | D:2      | Reached XP level 3. HP: 23/23 MP: 3/3
  1232 | D:2      | Reached skill level 4 in Maces & Flails
  1233 | D:2      | Reached XP level 4. HP: 26/28 MP: 4/4
  1652 | D:3      | HP: 1/28 [orc priest/divine providence (14)]
  2278 | D:3      | Reached skill level 5 in Maces & Flails
  2278 | D:3      | Reached XP level 5. HP: 32/32 MP: 5/5
  2460 | D:3      | Noticed an ogre
  2482 | D:3      | Killed an ogre
  2483 | D:3      | Reached skill level 6 in Maces & Flails
  2483 | D:3      | Reached XP level 6. HP: 37/37 MP: 6/6
  2939 | D:4      | Found a staircase to the Ecumenical Temple.
  3019 | Temple   | Entered the Ecumenical Temple
  3160 | Temple   | Became a worshipper of Warmaster Okawaru
  3280 | D:4      | Reached skill level 7 in Maces & Flails
  3742 | D:5      | Entered Level 5 of the Dungeon
  3759 | D:4      | Reached XP level 7. HP: 40/41 MP: 7/7
  3878 | D:5      | Killed from afar by an orc wizard

Illustrated notes

Levels and vault maps discovered:
D:1:      mushboom_english_gardens, layout_rooms
D:2:      layout_loops_ring, serial_park_tiny_2
D:3:      layout_loops_ring, minmay_ogre_servants
D:4:      layout_basic, minmay_temple_entry_glass
D:5:      layout_loops_cross, kennysheep_mini_moat
Temple:   kilobyte_greek_temple

Skill      XL: |  1  2  3  4  5  6 |
---------------+-------------------+-----
Maces & Flails | 3 4 5 6 7 |  7.6
Fighting       | |  3.2
Armour         | |  3.2
Shields        | |  3.2

Action                   |  1- 3 |  4- 6 |  7- 9 || total
-------------------------+-------+-------+-------++-------
Melee: Flail             |   128 |   156 |    57 ||   341
Armor: Scale mail        |    96 |    56 |    45 ||   197
Dodge: Dodged            |    55 |    30 |    14 ||    99
Block: Kite shield       |    97 |   151 |    41 ||   289
       Reflection        |       |     4 |     3 ||     7

Table legend: (Time is in decaauts)
 A = Elapsed time spent in this place.
 B = Non-inter-level travel time spent in this place.
 C = Inter-level travel time spent in this place.
 D = Time resting spent in this place.
 E = Time spent auto-exploring this place.
 F = Levels seen in this place.
 G = Mean time per level.
                   A        B        C        D        E       F      G
               +--------+--------+--------+--------+--------+-----+--------+
         Total |   4014 |   3908 |    106 |    887 |   2211 |   6 |  669.0 |
       Dungeon |   3840 |   3765 |     75 |    887 |   2076 |   5 |  768.0 |
        Temple |    173 |    142 |     31 |      0 |    135 |   1 |  173.0 |
               +--------+--------+--------+--------+--------+-----+--------+

Top non-repeatable levels by time:
     D:2: 1431 daAuts
     D:4: 875 daAuts
     D:1: 774 daAuts
     D:3: 698 daAuts
  Temple: 173 daAuts
     D:5: 60 daAuts
